 Dungeon Crawl Stone Soup version 0.28-a0-476-g0f06bd746f (webtiles) character file.

Game seed: 10103933768657219774

875 siradein the Grave Robber (level 7, -2/55 HPs)
             Began as a Deep Dwarf Necromancer on Sept 16, 2021.
             Slain by Pikel (12 damage)
             ... on level 4 of the Dungeon.
             The game lasted 00:22:58 (4754 turns).

siradein the Grave Robber (Deep Dwarf Necromancer)  Turns: 4754, Time: 00:23:00

Health: -2/55      AC:  4    Str: 11    XL:     7   Next: 74%
Magic:  1/13       EV: 14    Int: 18    God:
Gold:   153        SH:  0    Dex: 13    Spells: 6/15 levels left

rFire   . . .      SeeInvis .   j - staff of death
rCold   . . .      Faith    .   (no shield)
rNeg    + . .      Spirit   .   a - +0 robe
rPois   .          Reflect  .   (no helmet)
rElec   .          Harm     .   (no cloak)
rCorr   .          Rampage  .   (no gloves)
Will    +....                   (no boots)
Stlth   ++........              (no amulet)
HPRegen 0.00/turn               (no ring)
MPRegen 0.13/turn               (no ring)

@: mighty
A: damage resistance, heal wounds, sense surroundings 1, no regeneration,
iridescent scales 1, noise suppression
a: Heal Wounds


You were on level 4 of the Dungeon.
You visited 1 branch of the dungeon, and saw 4 of its levels.
You also visited: Sewer.

You collected 153 gold pieces.

Inventory:

Hand Weapons
 d - a +1 scythe of protection
Armour
 a - a +0 robe (worn)
Magical Staves
 j - a staff of death (weapon)
Scrolls
 e - a scroll of acquirement {unknown}
 f - 2 scrolls of teleportation {unknown}
 g - a scroll of immolation {unknown}
 i - a scroll of enchant weapon {unknown}
 m - a scroll of noise {unknown}
Potions
 c - 4 potions of might
 h - a potion of curing {unknown}
 k - 2 potions of brilliance
 l - a potion of mutation
 n - a potion of resistance {unknown}
 o - a potion of cancellation {unknown}


   Skills:
 + Level 5.9 Dodging
 - Level 2.4 Stealth
 + Level 4.5 Spellcasting
 + Level 7.1 Necromancy


You had 6 spell levels left.
You knew the following spells:

 Your Spells              Type           Power      Damage    Failure   Level
a - Pain                  Necr           100%       1d9       1%          1
b - Vampiric Draining     Necr           22%        2d9       2%          3
c - Agony                 Necr           44%        N/A       21%         5

Your spell library contained the following spells:

 Spells                   Type           Power      Damage    Failure   Level
 Animate Skeleton         Necr           88%        N/A       1%          1
 Animate Dead             Necr           22%        N/A       8%          4


Dungeon Overview and Level Annotations

Branches:
Dungeon (4/15)              Sewer (visited)
 Temple: D:4-7

Altars:

Annotations:
D:4 Pikel


Innate Abilities, Weirdness & Mutations

You are resistant to damage.
You can heal yourself by infusing magical energy.
You passively map a small area around you.
You do not regenerate.
You are partially covered in iridescent scales. (AC +2)
You passively dampen the noise of your surroundings.


Message History

Press: ? - help, Q - select action, (/) - cycle Shift-Dir - straight line, f/p - Pikel
Aim: Pikel, wielding a +2 whip of electrocution and wearing a +0 robe (heavily wounded, chance to affect: 84%)
You feel a surge of power!
Pikel writhes in agony!
The lemure hits you!
Pikel hits you with a +2 whip of electrocution!
Aiming: Pain (safe; 1% risk of failure)
Press: ? - help, Q - select action, (/) - cycle Shift-Dir - straight line, f/p - Pikel
Aim: Pikel, wielding a +2 whip of electrocution and wearing a +0 robe (heavily wounded, chance to affect: 84%)
You feel a surge of power!
Pikel barely resists.
Pikel says, "You'll make a fine lemure."
Pikel completely misses you. The lemure hits you but does no damage.
Aiming: Pain (safe; 1% risk of failure)
Press: ? - help, Q - select action, (/) - cycle Shift-Dir - straight line, f/p - Pikel
Aim: Pikel, wielding a +2 whip of electrocution and wearing a +0 robe (heavily wounded, chance to affect: 84%)
You feel a surge of power!
Pikel writhes in agony.
The lemure hits you.
Pikel hits you with a +2 whip of electrocution.
The lemure splashes around in the water.
Aiming: Pain (safe; 1% risk of failure)
Press: ? - help, Q - select action, (/) - cycle Shift-Dir - straight line, f/p - Pikel
Aim: Pikel, wielding a +2 whip of electrocution and wearing a +0 robe (severely wounded, chance to affect: 84%)
You feel a surge of power!
Pikel writhes in agony.
The lemure hits you but does no damage. Pikel completely misses you.
The lemure splashes around in the water.
You feel very mighty all of a sudden. The lemure hits you. x2
Pikel hits you with a +2 whip of electrocution!
* * * LOW HITPOINT WARNING * * *
You barely miss Pikel.
Pikel is severely wounded.
The lemure hits you. The lemure barely misses you.
Pikel hits you with a +2 whip of electrocution.
* * * LOW HITPOINT WARNING * * *
You hit Pikel.
Pikel is severely wounded.
The lemure completely misses you.
The lemure splashes around in the water.
Pikel hits you with a +2 whip of electrocution.
You are electrocuted!
You die...

##############
##.....K......##
#..###.####....#
#..#≈###≈≈##'..#
#..#55≈≈≈≈÷÷#..# *
#..#@K5≈≈≈≈≈#..#* *
#..#≈###≈≈##+.... *
+..###.#### ,.#..#
#.K......., .+..# ,
######'##.+### *## ##
#.......# .# ,
#.......#,,.+ ..,,
#..>....#, # ...
#.......###+####+#...
,,


You could see Pikel and 3 lemures.

Vanquished Creatures
  Sigmund (D:2)
  Duvessa (D:4)
  5 kobold brigands (Sewer)
  Dowan (D:4)
  An orc priest (D:3)
  Jessica (D:2)
  7 adders
  2 worms
  3 dart slugs
  3 orcs (D:3)
  5 bats
  9 endoplasms
  A giant cockroach (D:4)
  6 hobgoblins
  6 jackals
  15 kobolds
  5 quokkas
  10 ball pythons
  4 frilled lizards (Sewer)
  3 goblins
  15 rats
104 creatures vanquished.

Notes
Turn   | Place    | Note
-------+----------+-------------------------------------------
     0 | D:1      | siradein the Deep Dwarf Necromancer began the quest for the
                  | Orb.
     0 | D:1      | Reached XP level 1. HP: 15/15 MP: 3/3
    11 | D:1      | Found a faded altar of an unknown god.
   251 | D:1      | Reached XP level 2. HP: 17/22 MP: 0/5
   931 | D:2      | Reached XP level 3. HP: 21/28 MP: 1/6
   935 | D:2      | Learned a level 3 spell: Vampiric Draining
  1099 | D:2      | Noticed Sigmund
  1231 | D:2      | Reached skill level 5 in Necromancy
  1378 | D:2      | Noticed Jessica
  1429 | D:2      | Killed Jessica
  1430 | D:2      | Reached XP level 4. HP: 28/36 MP: 3/7
  2367 | D:2      | Killed Sigmund
  2368 | D:2      | Reached XP level 5. HP: 11/42 MP: 4/10
  2368 | D:2      | Reached XP level 6. HP: 12/49 MP: 4/11
  2926 | D:3      | Learned a level 5 spell: Agony
  3054 | D:3      | Reached skill level 6 in Necromancy
  3528 | D:4      | Noticed Dowan
  3576 | D:4      | Noticed Duvessa
  3604 | D:4      | Killed Duvessa
  3786 | D:4      | Killed Dowan
  3787 | D:4      | Reached skill level 5 in Dodging
  3844 | D:4      | Reached XP level 7. HP: 49/55 MP: 2/12
  3862 | D:4      | Noticed Pikel
  3897 | D:4      | Found a glowing drain.
  3901 | Sewer    | Entered a sewer
  4593 | Sewer    | Reached skill level 7 in Necromancy
  4740 | Sewer    | Gained mutation: You passively dampen the noise of your
                  | surroundings. [potion of mutation]
  4740 | Sewer    | Gained mutation: You are partially covered in iridescent
                  | scales. (AC +2) [potion of mutation]
  4754 | D:4      | Slain by Pikel

Illustrated notes

Levels and vault maps discovered:
D:1:      saegor_arrival_simple_b, layout_basic,
          hellmonk_ecumenical_altar_leap_of_faith
D:2:      layout_rooms, uniq_sigmund, uniq_jessica
D:3:      layout_basic
D:4:      layout_gridville, lemuel_round_altar, gup_sewer_entry_bowl,
          uniq_duvessa, uniq_pikel

Skill      XL: |  1  2  3  4  5  6  7 |
---------------+----------------------+-----
Spellcasting   | 2 3 4 |  4.5
Dodging        | 3 4 5 |  5.9
Necromancy     | 5 6 7 |  7.1
Stealth        | |  2.4

Action                   |  1- 3 |  4- 6 |  7- 9 || total
-------------------------+-------+-------+-------++-------
Melee: Spear             |     9 |    17 |       ||    26
       Trident           |       |     4 |       ||     4
       Scythe            |       |     1 |       ||     1
       Staff             |       |       |     6 ||     6
 Cast: Pain              |    60 |    43 |    50 ||   153
       Vampiric Draining |     5 |    33 |    13 ||    51
  Use: Scroll            |       |       |     3 ||     3
       Potion            |       |       |     2 ||     2
Armor: Robe              |     3 |     6 |     7 ||    16
Dodge: Dodged            |    28 |    49 |    50 ||   127

Table legend: (Time is in decaauts)
 A = Elapsed time spent in this place.
 B = Non-inter-level travel time spent in this place.
 C = Inter-level travel time spent in this place.
 D = Time resting spent in this place.
 E = Time spent auto-exploring this place.
 F = Levels seen in this place.
 G = Mean time per level.
                   A        B        C        D        E       F      G
               +--------+--------+--------+--------+--------+-----+--------+
         Total |   4799 |   4780 |     19 |    723 |   2976 |   5 |  959.8 |
       Dungeon |   3928 |   3909 |     19 |    723 |   2289 |   4 |  982.0 |
         Sewer |    871 |    871 |      0 |      0 |    687 |   1 |  871.0 |
               +--------+--------+--------+--------+--------+-----+--------+

Top non-repeatable levels by time:
     D:1: 1394 daAuts
     D:3: 1324 daAuts
     D:2: 943 daAuts
   Sewer: 871 daAuts
     D:4: 265 daAuts
